[Event "ICC tourney 2375 (15 3)"]
[Site "Internet Chess Club"]
[Date "2021.02.06"]
[Round "2"]
[White "Aladdin1962"]
[Black "rosealec"]
[Result "0-1"]
[ICCResult "White resigns"]
[WhiteElo "1707"]
[BlackElo "1228"]
[Opening "Sicilian: Hungarian variation"]
[ECO "B27"]
[NIC "SI.43"]
[Time "12:30:06"]
[PlyCount "62"]
[TimeControl "900+3"]

1. e4 c5 2. Nf3 g6 3. d4 Bg7 4. d5 d6 5. c4 Nf6 6. Nc3 O-O 7. Be2 a6 8. a4
e6 9. O-O exd5 10. exd5 Re8 11. Bg5 Qb6 12. Qd2 Ne4 13. Nxe4 Rxe4 14. Bd3
Re8 15. Rfb1 Bg4 16. Ne1 a5 17. h3 Bd7 18. Nf3 Na6 19. Ra3 Nb4 20. Bf1 Bf5
21. Re1 Rxe1 22. Nxe1 Re8 23. g4 Bd7 24. Rf3 Qc7 25. b3 f5 26. Qf4 Rxe1 27.
gxf5 Bxf5 28. Rg3 Be5 29. Qxf5 gxf5 30. Bd8+ Bxg3 31. Bxc7 Be5 { White
resigns } 0-1

[Event "ICC tourney 2375 (15 3)"]
[Site "Internet Chess Club"]
[Date "2021.02.06"]
[Round "2"]
[White "Dayman"]
[Black "swordfish89198"]
[Result "0-1"]
[ICCResult "White checkmated"]
[WhiteElo "1623"]
[BlackElo "1198"]
[Opening "Sicilian defense"]
[ECO "B33"]
[NIC "SI.34"]
[Time "12:30:17"]
[PlyCount "86"]
[TimeControl "900+3"]

1. e4 c5 2. Nf3 Nc6 3. d4 cxd4 4. Nxd4 Nf6 5. Nc3 h5 6. Be3 Ng4 7. Be2 Nxe3
8. fxe3 e5 9. Nf5 g6 10. Nd6+ Bxd6 11. Qxd6 Qe7 12. Qxe7+ Nxe7 13. Nd5 Nxd5
14. exd5 e4 15. O-O-O d6 16. Bb5+ Ke7 17. Rhf1 a6 18. Ba4 b5 19. Bb3 Bb7
20. Rf4 f5 21. h3 a5 22. a3 Kf6 23. Rdf1 Ke5 24. g4 hxg4 25. hxg4 Raf8 26.
gxf5 Rxf5 27. Kd2 Rh2+ 28. Kc3 Re2 29. Rxf5+ gxf5 30. Rh1 Bxd5 31. Bxd5
Kxd5 32. Rh3 Rf2 33. b3 Rf3 34. Rh5 Rxe3+ 35. Kd2 Rf3 36. Rh6 Rg3 37. Rh5
Ke5 38. Ke2 Rg2+ 39. Kd1 e3 40. Rh8 Ke4 41. Rh4+ f4 42. Rh6 Kf3 43. Re6
Rg1# { White checkmated } 0-1

[Event "ICC tourney 2375 (15 3)"]
[Site "Internet Chess Club"]
[Date "2021.02.06"]
[Round "2"]
[White "tistime"]
[Black "anirudha-menon"]
[Result "0-1"]
[ICCResult "White resigns"]
[WhiteElo "821"]
[BlackElo "1769"]
[Opening "Sicilian: Alapin's variation (2.c3)"]
[ECO "B22"]
[NIC "SI.46"]
[Time "12:30:07"]
[PlyCount "98"]
[TimeControl "900+3"]

1. e4 c5 2. c3 g6 3. d4 cxd4 4. cxd4 Bg7 5. Nc3 d6 6. Bc4 Nf6 7. Nf3 O-O 8.
h3 Nxe4 9. Nxe4 d5 10. Bxd5 Qxd5 11. Nc3 Qh5 12. O-O a6 13. Re1 e6 14. Ne5
Qxd1 15. Rxd1 Nd7 16. Bf4 Nf6 17. d5 exd5 18. Nxd5 Nxd5 19. Rxd5 Be6 20.
Rd2 Rfd8 21. Rxd8+ Rxd8 22. b3 Rc8 23. Re1 Rc2 24. a4 Bxb3 25. Rb1 Bd5 26.
Ng4 Bc6 27. a5 Ra2 28. Bc7 Bc3 29. Rd1 h5 30. Be5 Bxe5 31. Nxe5 Rxa5 32.
Nxc6 bxc6 33. Rc1 c5 34. Kf1 Rb5 35. Ke2 Kg7 36. Kd3 Kf6 37. Ra1 Rb6 38.
Kc4 Rb2 39. Rxa6+ Kf5 40. Ra7 Kf6 41. Ra3 Rxf2 42. Rf3+ Rxf3 43. gxf3 Kg5
44. Kxc5 Kf4 45. Kd5 Kxf3 46. Ke5 Kg3 47. Kf6 Kxh3 48. Kxf7 g5 49. Kf6 g4 {
White resigns } 0-1

[Event "ICC tourney 2375 (15 3)"]
[Site "Internet Chess Club"]
[Date "2021.02.06"]
[Round "2"]
[White "RatislavK"]
[Black "TheSuperKing"]
[Result "0-1"]
[ICCResult "White resigns"]
[WhiteElo "1482"]
[BlackElo "1710"]
[Opening "Evans gambit: Stone-Ware variation"]
[ECO "C51"]
[NIC "IG.05"]
[Time "12:30:08"]
[PlyCount "46"]
[TimeControl "900+3"]

1. e4 e5 2. Nf3 Nc6 3. Bc4 Bc5 4. b4 Bxb4 5. c3 Bd6 6. d4 Nf6 7. dxe5 Bxe5
8. Ng5 d5 9. exd5 Na5 10. Qa4+ Bd7 11. Qxa5 Qe7 12. O-O O-O 13. Ba3 Bd6 14.
Bxd6 Qxd6 15. Qa3 Qf4 16. Nxh7 Nxh7 17. Be2 Qe5 18. Bf3 Ng5 19. c4 Nxf3+
20. Qxf3 Qxa1 21. Nd2 Qd4 22. Ne4 Rae8 23. Ng5 Qg4 { White resigns } 0-1

[Event "ICC tourney 2375 (15 3)"]
[Site "Internet Chess Club"]
[Date "2021.02.06"]
[Round "2"]
[White "GSHenry"]
[Black "LucaMik1"]
[Result "1-0"]
[ICCResult "Black checkmated"]
[WhiteElo "1670"]
[BlackElo "1408"]
[Opening "Queen's pawn: London system"]
[ECO "A45"]
[NIC "QP.07"]
[Time "12:30:06"]
[PlyCount "61"]
[TimeControl "900+3"]

1. d4 Nf6 2. Bf4 e6 3. Nc3 Bb4 4. Bd2 Nc6 5. Nf3 d5 6. a3 Be7 7. Bf4 a6 8.
e3 Na5 9. Ne5 c5 10. Be2 Qb6 11. b3 cxd4 12. Qxd4 Bc5 13. Qd2 d4 14. Na4
dxe3 15. fxe3 Qd6 16. Qxa5 Bxa3 17. O-O O-O 18. Nc4 Qb4 19. Rxa3 Qxa5 20.
Nxa5 b5 21. Nb6 Ra7 22. Nc6 Rb7 23. Rxa6 h6 24. Bd6 Re8 25. Nxc8 Rxc8 26.
Ne7+ Rxe7 27. Bxe7 Nd5 28. Bd6 Rxc2 29. Ra8+ Kh7 30. Bd3+ g6 31. Rxf7# {
Black checkmated } 1-0

[Event "ICC tourney 2375 (15 3)"]
[Site "Internet Chess Club"]
[Date "2021.02.06"]
[Round "2"]
[White "AdityaBang"]
[Black "Najeebhadi"]
[Result "1-0"]
[ICCResult "Black checkmated"]
[WhiteElo "1416"]
[BlackElo "1700"]
[Opening "Two knights defense"]
[ECO "C56"]
[NIC "KP.02"]
[Time "12:30:10"]
[PlyCount "47"]
[TimeControl "900+3"]

1. e4 e5 2. Nf3 Nc6 3. d4 exd4 4. Bc4 Nf6 5. O-O Nxe4 6. Re1 d5 7. Bxd5
Qxd5 8. Nc3 Qd8 9. Rxe4+ Be7 10. Nxd4 Nxd4 11. Rxd4 Bd7 12. Bf4 Qc8 13. Re4
Be6 14. Nd5 Bd8 15. Be5 O-O 16. Nf4 Bg4 17. Qd4 f6 18. Qc4+ Kh8 19. Bc3 Bf5
20. Re3 c6 21. Bb4 Rg8 22. Qxg8+ Kxg8 23. Re8+ Kf7 24. Rf8# { Black
checkmated } 1-0

[Event "ICC tourney 2375 (15 3)"]
[Site "Internet Chess Club"]
[Date "2021.02.06"]
[Round "2"]
[White "nov-s"]
[Black "Stepaheadofu"]
[Result "1/2-1/2"]
[ICCResult "Game drawn by repetition"]
[WhiteElo "1291"]
[BlackElo "1631"]
[Opening "King's pawn game"]
[ECO "C50"]
[NIC "IG.03"]
[Time "12:30:06"]
[PlyCount "233"]
[TimeControl "900+3"]

1. e4 e5 2. Nf3 Nc6 3. Bc4 h6 4. d4 exd4 5. Nxd4 Nxd4 6. Qxd4 d6 7. Nc3 Be6
8. Nd5 c6 9. Nf4 Bxc4 10. Qxc4 Nf6 11. O-O Be7 12. Re1 Qd7 13. Nd3 Qe6 14.
Qc3 O-O 15. e5 dxe5 16. Nxe5 Qd6 17. Bf4 Nd5 18. Qg3 Nxf4 19. Qxf4 Bg5 20.
Qg3 Bf6 21. Rad1 Bxe5 22. Rxd6 Bxg3 23. hxg3 Rad8 24. Red1 Rxd6 25. Rxd6
Rb8 26. Rd7 f6 27. Kf1 a6 28. Ke2 Kh7 29. Kd3 Kg6 30. Kc4 b6 31. Ra7 a5 32.
Rc7 c5 33. Kb5 Kf5 34. f3 g6 35. Rc6 Ke5 36. c3 Kd5 37. b3 a4 38. bxa4 Ke5
39. a3 f5 40. f4+ Ke4 41. Re6+ Kd3 42. Rxb6 Ra8 43. Rxg6 Kxc3 44. Ra6 Rc8
45. a5 Kb3 46. a4 c4 47. Rxh6 c3 48. Rh1 c2 49. a6 c1=Q 50. Rxc1 Rxc1 51.
a7 Rc8 52. a5 Kc3 53. Kb6 Kc4 54. a6 Re8 55. Kb7 Re7+ 56. Kb6 Re6+ 57. Kc7
Re7+ 58. Kb6 Re6+ 59. Ka5 Re8 60. a8=Q Rxa8 61. Kb6 Rg8 62. a7 Rg6+ 63. Ka5
Rg8 64. Ka6 Rg6+ 65. Kb7 Rg7+ 66. Kb6 Rg6+ 67. Kc7 Rg7+ 68. Kb6 Rg6+ 69.
Ka5 Rg7 70. Ka6 Rg6+ 71. Kb7 Rg7+ 72. Ka6 Rg6+ 73. Ka5 Rg8 74. Kb6 Kd4 75.
Kb7 Rg7+ 76. Kb6 Rg6+ 77. Ka5 Rg8 78. Ka6 Ke3 79. Kb7 Rg7+ 80. Kb6 Rg6+ 81.
Kb7 Rg7+ 82. Ka6 Rg6+ 83. Kb7 Rg7+ 84. Kb6 Rg6+ 85. Kc7 Rg7+ 86. Kb8 Rg8+
87. Kb7 Rg7+ 88. Kb6 Rg6+ 89. Kb7 Rg7+ 90. Ka6 Rg6+ 91. Kb5 Rg8 92. Kb6 Kf2
93. g4 fxg4 94. f5 Kxg2 95. f6 Rf8 96. f7 Kf3 97. Kc6 g3 98. Kd6 g2 99. Ke7
Ra8 100. f8=Q+ Rxf8 101. Kxf8 g1=Q 102. a8=Q+ Kg3 103. Qb8+ Kg2 104. Qb7+
Kf1 105. Qb1+ Kg2 106. Qg6+ Kh1 107. Qh5+ Qh2 108. Qf3+ Qg2 109. Qd1+ Qg1
110. Qd5+ Qg2 111. Qh5+ Qh2 112. Qf3+ Qg2 113. Qd1+ Qg1 114. Qd5+ Qg2 115.
Qh5+ Qh2 116. Qf3+ Qg2 117. Qd1+ { Game drawn by repetition } 1/2-1/2

[Event "ICC tourney 2375 (15 3)"]
[Site "Internet Chess Club"]
[Date "2021.02.06"]
[Round "2"]
[White "quale"]
[Black "dMerc37"]
[Result "1-0"]
[ICCResult "Black resigns"]
[WhiteElo "1724"]
[BlackElo "1466"]
[Opening "Sicilian: Nimzovich-Rossolimo attack (without ...d6)"]
[ECO "B30"]
[NIC "SI.31"]
[Time "12:30:13"]
[PlyCount "65"]
[TimeControl "900+3"]

1. e4 c5 2. Nf3 Nc6 3. Bb5 Qb6 4. Bxc6 Qxc6 5. Nc3 d6 6. d4 Bg4 7. Be3 e5
8. dxe5 dxe5 9. Qd5 Bxf3 10. Qxc6+ bxc6 11. gxf3 Nf6 12. Na4 Nd7 13. O-O-O
Be7 14. Rhg1 Rb8 15. Rxg7 Bf6 16. Rgg1 Rb4 17. Nxc5 Nxc5 18. Bxc5 Rb7 19.
Rd6 Be7 20. Rxc6 Bxc5 21. Rxc5 Kf8 22. Rc8+ Ke7 23. Rxh8 Rb6 24. Rg7 Ra6
25. a3 Rf6 26. Rhxh7 Rxf3 27. Rxf7+ Rxf7 28. Rxf7+ Kxf7 29. c4 Ke7 30. b4
Kd6 31. h4 Ke6 32. h5 Kf6 33. c5 { Black resigns } 1-0

[Event "ICC tourney 2375 (15 3)"]
[Site "Internet Chess Club"]
[Date "2021.02.06"]
[Round "2"]
[White "SFB-TU"]
[Black "sujashankar"]
[Result "0-1"]
[ICCResult "White checkmated"]
[WhiteElo "1177"]
[BlackElo "1749"]
[Opening "Sicilian: dragon, 6.Be3"]
[ECO "B72"]
[NIC "SI.16"]
[Time "12:30:02"]
[PlyCount "126"]
[TimeControl "900+3"]

1. e4 c5 2. Nf3 d6 3. d4 cxd4 4. Nxd4 Nf6 5. Nc3 g6 6. Be3 Bg7 7. Bd3 O-O
8. O-O Nc6 9. Qd2 Ng4 10. Nxc6 bxc6 11. Bf4 Ne5 12. Bh6 Nxd3 13. cxd3 Be6
14. Bxg7 Kxg7 15. Rac1 Rb8 16. a3 c5 17. Rfd1 Rb3 18. Qc2 Rb7 19. Rb1 Bb3
20. Qd2 Bxd1 21. Qxd1 Qd7 22. Nd5 e6 23. Ne3 Rfb8 24. Qc2 Qb5 25. Nc4 Qa6
26. Qc3+ e5 27. h3 Rb3 28. Qc2 R3b7 29. Qc3 f6 30. Qc2 Rd7 31. f3 d5 32.
Ne3 dxe4 33. dxe4 Qd3 34. Qxc5 Qxb1+ 35. Kh2 Qxb2 36. Nd5 Qb5 37. Qc2 Rbb7
38. Qc8 Rxd5 39. exd5 Qxd5 40. Qc3 e4 41. fxe4 Qe5+ 42. Qxe5 fxe5 43. g4
Rb2+ 44. Kg3 Rb3+ 45. Kh4 h6 46. g5 hxg5+ 47. Kxg5 Rxh3 48. Kg4 Rxa3 49.
Kh4 Ra4 50. Kg5 a6 51. Kg4 Rxe4+ 52. Kg5 Re1 53. Kg4 Rf1 54. Kg3 Rf5 55.
Kh4 e4 56. Kg3 e3 57. Kh2 e2 58. Kg2 e1=Q 59. Kh3 Qh1+ 60. Kg4 Qh5+ 61. Kg3
Rf3+ 62. Kg2 Qh3+ 63. Kg1 Rf1# { White checkmated } 0-1

[Event "ICC tourney 2375 (15 3)"]
[Site "Internet Chess Club"]
[Date "2021.02.06"]
[Round "2"]
[White "nuttysac"]
[Black "lwidjaja"]
[Result "0-1"]
[ICCResult "White resigns"]
[WhiteElo "1761"]
[BlackElo "1482"]
[Opening "Nimzovich-Larsen attack: classical variation"]
[ECO "A01"]
[NIC "VO.08"]
[Time "12:30:22"]
[PlyCount "134"]
[TimeControl "900+3"]

1. b3 d5 2. Bb2 c5 3. e3 Nc6 4. Nf3 Nf6 5. d4 Bf5 6. Bd3 Bxd3 7. Qxd3 e6 8.
Nbd2 Bd6 9. a3 Rc8 10. dxc5 Bxc5 11. O-O O-O 12. b4 Bd6 13. Rfe1 e5 14. e4
d4 15. c3 dxc3 16. Bxc3 Bc7 17. Qb5 Bb6 18. Bxe5 Nxe5 19. Qxe5 Ng4 20. Qf4
Bxf2+ 21. Kf1 Bxe1 22. Rxe1 Qd3+ 23. Re2 Rc1+ 24. Ne1 Nf6 25. Kf2 Qd4+ 26.
Kf1 Rfc8 27. Nf3 Qb6 28. g4 Qe6 29. h3 Qb3 30. g5 Ne8 31. Kg2 g6 32. Rd2
Ng7 33. Qf6 Qc3 34. Rd8+ Ne8 35. Ne5 Qb2+ 36. Kg3 R1c3+ 37. N1f3 Rxf3+ 38.
Kxf3 Rc3+ 39. Nd3 Rxd3+ 40. Rxd3 Nxf6 41. gxf6 Qxf6+ 42. Ke3 Qg5+ 43. Kd4
Qg1+ 44. Kd5 Qb6 45. e5 Kf8 46. Ke4 Ke7 47. Rd4 Qc6+ 48. Ke3 Qc1+ 49. Ke4
Qxa3 50. h4 Qh3 51. Kd5 Qe6+ 52. Ke4 b6 53. Kf4 a5 54. bxa5 bxa5 55. Re4
Qf5+ 56. Ke3 Qxe4+ 57. Kxe4 a4 58. Kd4 a3 59. Kc3 Ke6 60. Kb3 Kxe5 61. Kxa3
Kf5 62. Kb3 Kg4 63. Kc3 Kxh4 64. Kd3 g5 65. Ke3 Kh3 66. Kf3 g4+ 67. Kf2 Kh2
{ White resigns } 0-1

[Event "ICC tourney 2375 (15 3)"]
[Site "Internet Chess Club"]
[Date "2021.02.06"]
[Round "2"]
[White "jeffreyallen"]
[Black "JamesS"]
[Result "0-1"]
[ICCResult "White checkmated"]
[WhiteElo "1704"]
[BlackElo "1450"]
[Opening "Caro-Kann: exchange, Rubinstein variation"]
[ECO "A45"]
[NIC "QP.07"]
[Time "12:30:12"]
[PlyCount "74"]
[TimeControl "900+3"]

1. d4 Nf6 2. Bf4 c5 3. e3 cxd4 4. exd4 d5 5. Bd3 Nc6 6. c3 Bg4 7. Nf3 e6 8.
Nbd2 Bd6 9. Bxd6 Qxd6 10. O-O O-O 11. Re1 a6 12. Qc2 Rfc8 13. Ne5 Nxd4 14.
Qb1 Nc6 15. Nxg4 Nxg4 16. Bxh7+ Kh8 17. Nf3 Ne7 18. Bd3 g6 19. h3 Nf6 20.
Qc1 Kg7 21. g4 Rh8 22. Kg2 Rac8 23. g5 Nh5 24. Ne5 d4 25. c4 b5 26. b3 Rc5
27. f4 Nd5 28. Re4 Ndxf4+ 29. Rxf4 Qxe5 30. Rf3 Qxg5+ 31. Qxg5 Rxg5+ 32.
Kh2 f5 33. Re1 Kf6 34. cxb5 axb5 35. Bxb5 e5 36. Rd3 Nf4 37. Rd2 Rxh3# {
White checkmated } 0-1

[Event "ICC tourney 2375 (15 3)"]
[Site "Internet Chess Club"]
[Date "2021.02.06"]
[Round "2"]
[White "mohitbayyarapu"]
[Black "awakeprize"]
[Result "1-0"]
[ICCResult "Black checkmated"]
[WhiteElo "1742"]
[BlackElo "1479"]
[Opening "Sicilian defense"]
[ECO "B32"]
[NIC "SI.32"]
[Time "12:30:04"]
[PlyCount "167"]
[TimeControl "900+3"]

1. e4 c5 2. Nf3 Nc6 3. d4 cxd4 4. Nxd4 d6 5. Nc3 Bd7 6. Be3 Nf6 7. Be2 g6
8. Qd2 Bg7 9. f3 a6 10. a4 O-O 11. O-O Rc8 12. Kh1 Kh8 13. g4 Ne5 14. h3
Nc4 15. Bxc4 Rxc4 16. h4 h5 17. g5 Nh7 18. Rad1 Qc8 19. Nde2 Bxa4 20. b3
Rxc3 21. Nxc3 Bxc3 22. Bd4+ Bxd4 23. Qxd4+ Kg8 24. bxa4 Qh3+ 25. Kg1 Qg3+
26. Kh1 Qxh4+ 27. Kg2 Qxg5+ 28. Kf2 Qf6 29. Qxf6 Nxf6 30. Rb1 Rb8 31. Rb3
Nd7 32. a5 Nc5 33. Rb4 Kf8 34. Ke3 Ke8 35. Rfb1 Kd7 36. f4 Rh8 37. Kf3 f6
38. Rg1 Rh6 39. Rd4 Kc6 40. Rb1 g5 41. fxg5 fxg5 42. Rd5 e5 43. Rb6+ Kc7
44. Rxc5+ Kd7 45. Rc3 Rf6+ 46. Kg3 Ke6 47. Rxb7 Rf4 48. Re3 Rf1 49. Rb6 Rc1
50. c3 h4+ 51. Kg4 Rg1+ 52. Kh3 Ra1 53. Rxa6 Ra2 54. Ra8 Ra3 55. a6 Kd7 56.
a7 Kc6 57. Rc8+ Kb7 58. a8=Q+ Rxa8 59. Rxa8 Kxa8 60. Kg4 Kb7 61. Kxg5 Kc6
62. Kxh4 Kc5 63. Kg5 Kc4 64. Kf5 Kc5 65. Ke6 Kc6 66. Rd3 Kb7 67. Rxd6 Ka8
68. c4 Kb7 69. c5 Kc7 70. c6 Kc8 71. Ke7 Kb8 72. Rd7 Kc8 73. Ke8 Kb8 74.
Kd8 Ka8 75. c7 Ka7 76. c8=Q+ Kb6 77. Qc4 Ka5 78. Ra7+ Kb6 79. Qc7+ Kb5 80.
Ra5+ Kb4 81. Qc5+ Kb3 82. Ra3+ Kb2 83. Qc3+ Kb1 84. Ra1# { Black checkmated
} 1-0

[Event "ICC tourney 2375 (15 3)"]
[Site "Internet Chess Club"]
[Date "2021.02.06"]
[Round "2"]
[White "byumitchell"]
[Black "blueocean07"]
[Result "0-1"]
[ICCResult "White resigns"]
[WhiteElo "1471"]
[BlackElo "1737"]
[Opening "Sicilian: Pelikan (Lasker/Sveshnikov) variation"]
[ECO "B33"]
[NIC "SI.35"]
[Time "12:30:24"]
[PlyCount "68"]
[TimeControl "900+3"]

1. e4 c5 2. Nf3 Nc6 3. d4 cxd4 4. Nxd4 Nf6 5. Nc3 e5 6. Nb3 Bb4 7. Bd2 Bxc3
8. Bxc3 Nxe4 9. Bc4 Nxc3 10. bxc3 O-O 11. O-O Qc7 12. Qd2 Ne7 13. Bd3 d5
14. f3 Bd7 15. Rae1 Kh8 16. Qf2 Qxc3 17. Rc1 Rac8 18. Bxh7 Kxh7 19. Qh4+
Kg8 20. Qxe7 Bb5 21. Rfe1 Rfe8 22. Qxb7 Bc4 23. Qxa7 Ra8 24. Qf2 Rxa2 25.
Re3 Qb4 26. Ra1 Bxb3 27. Rxa2 Bxa2 28. h3 Rb8 29. Rxe5 Qc4 30. Kh2 Qc7 31.
f4 Rc8 32. Qg3 Qxc2 33. Rg5 g6 34. Rxd5 Bxd5 { White resigns } 0-1

[Event "ICC tourney 2375 (15 3)"]
[Site "Internet Chess Club"]
[Date "2021.02.06"]
[Round "2"]
[White "StallionItalian"]
[Black "levfmarcus"]
[Result "1-0"]
[ICCResult "Black resigns"]
[WhiteElo "1156"]
[BlackElo "1616"]
[Opening "Giuoco Pianissimo"]
[ECO "C55"]
[NIC "IG.01"]
[Time "12:30:06"]
[PlyCount "137"]
[TimeControl "900+3"]

1. e4 e5 2. Nf3 Nc6 3. Bc4 Nf6 4. d3 Bc5 5. h3 h6 6. Nc3 Na5 7. Nxe5 O-O 8.
Nxf7 Rxf7 9. Bxf7+ Kxf7 10. O-O d6 11. a3 Bd4 12. Be3 Bxc3 13. bxc3 b6 14.
f4 Qe7 15. c4 c5 16. Bd2 Nc6 17. Bc3 Kg8 18. Qd2 Bd7 19. Rae1 Re8 20. Rf3
Nd4 21. Bxd4 cxd4 22. Qf2 d5 23. cxd5 Nxd5 24. Qxd4 Nf6 25. Qb2 Rc8 26. c4
Bc6 27. Rfe3 Nh5 28. Qe5 Qxe5 29. fxe5 Re8 30. d4 Bb7 31. Rf1 g5 32. g3 Rc8
33. Rc1 Ba6 34. Rec3 Kf7 35. d5 Bb7 36. Rf3+ Ke7 37. Kf2 b5 38. c5 a5 39.
c6 Ba6 40. d6+ Ke6 41. d7 Rd8 42. Ke3 b4 43. axb4 axb4 44. Kd4 Bb5 45. Kc5
Bxc6 46. Kxc6 Rxd7 47. Rb1 Rd4 48. Re3 Kxe5 49. Kc5 Rd8 50. Rxb4 Rc8+ 51.
Kb5 Nf6 52. Ka4 Rc2 53. Rb5+ Kd4 54. Rf3 Nxe4 55. Rb4+ Kd5 56. Rd3+ Ke5 57.
Re3 Kd5 58. Rexe4 Rc3 59. Rg4 Kc5 60. h4 Rc1 61. hxg5 Ra1+ 62. Kb3 Rb1+ 63.
Kc3 Rc1+ 64. Kd2 Rh1 65. g6 h5 66. Rbc4+ Kb5 67. g7 hxg4 68. g8=Q Rh2+ 69.
Ke3 { Black resigns } 1-0

[Event "ICC tourney 2375 (15 3)"]
[Site "Internet Chess Club"]
[Date "2021.02.06"]
[Round "2"]
[White "drusdan"]
[Black "drmikemc"]
[Result "1-0"]
[ICCResult "Black resigns"]
[WhiteElo "1401"]
[BlackElo "1666"]
[Opening "Sicilian defense"]
[ECO "B32"]
[NIC "SI.32"]
[Time "12:30:22"]
[PlyCount "141"]
[TimeControl "900+3"]

1. e4 c5 2. Nf3 Nc6 3. d4 cxd4 4. Nxd4 Nxd4 5. Qxd4 e6 6. Nc3 Qc7 7. Be3 b6
8. O-O-O Bc5 9. Qd2 Ne7 10. Bxc5 Qxc5 11. Bb5 Qc7 12. f4 a6 13. Be2 Bb7 14.
Bf3 Rd8 15. Qd6 Qxd6 16. Rxd6 Nc6 17. e5 Ke7 18. Rhd1 f6 19. h4 b5 20. g4
Ba8 21. exf6+ gxf6 22. f5 Ne5 23. Bxa8 Rxa8 24. fxe6 dxe6 25. Ne4 Nxg4 26.
Rd7+ Ke8 27. Rg7 f5 28. Nd6+ Kf8 29. Rf7+ Kg8 30. Rc7 Kf8 31. Nc8 Nf6 32.
Rd8+ Ne8 33. Rcd7 h5 34. Nd6 Rxd8 35. Rxd8 f4 36. Rxe8+ Kg7 37. Rxh8 Kxh8
38. Ne4 Kg7 39. Kd2 Kg6 40. Ke2 Kf5 41. Kf3 e5 42. Nc5 a5 43. b3 b4 44. Ne4
Ke6 45. c4 bxc3 46. Nxc3 Kf5 47. Ne4 Ke6 48. a3 Kf5 49. b4 axb4 50. axb4
Ke6 51. Nc3 Kd6 52. Ne4+ Kc6 53. Nf6 Kb5 54. Nxh5 Kxb4 55. Nf6 Kc4 56. Ne4
Kd5 57. h5 Ke6 58. Kg4 Kf7 59. Kg5 Kg7 60. h6+ Kf7 61. Kf5 f3 62. Kg5 Kg8
63. Kg6 f2 64. Nxf2 Kh8 65. Ng4 e4 66. Kf5 Kh7 67. Kg5 Kg8 68. Nf6+ Kh8 69.
Nxe4 Kh7 70. Nd6 Kg8 71. Kg6 { Black resigns } 1-0

[Event "ICC tourney 2375 (15 3)"]
[Site "Internet Chess Club"]
[Date "2021.02.06"]
[Round "3"]
[White "rosealec"]
[Black "IveDoneEnough"]
[Result "1-0"]
[ICCResult "Black resigns"]
[WhiteElo "1228"]
[BlackElo "1645"]
[Opening "Sicilian: Grand Prix attack"]
[ECO "B23"]
[NIC "SI.44"]
[Time "14:00:09"]
[PlyCount "35"]
[TimeControl "900+3"]

1. e4 c5 2. Nc3 Nc6 3. f4 g6 4. Nf3 Bg7 5. Bc4 d6 6. O-O f5 7. Ng5 Nh6 8.
d3 fxe4 9. dxe4 Bg4 10. Qd5 Nb4 11. Qxb7 Nxc2 12. Bb5+ Kf8 13. f5 Qc8 14.
Qd5 Bf6 15. Ne6+ Kg8 16. Bxh6 Nb4 17. Qb3 d5 18. Nxd5 { Black resigns } 1-0

[Event "ICC tourney 2375 (15 3)"]
[Site "Internet Chess Club"]
[Date "2021.02.06"]
[Round "3"]
[White "RatislavK"]
[Black "nov-s"]
[Result "1-0"]
[ICCResult "Black checkmated"]
[WhiteElo "1482"]
[BlackElo "1291"]
[Opening "Evans gambit"]
[ECO "C51"]
[NIC "IG.05"]
[Time "14:00:42"]
[PlyCount "61"]
[TimeControl "900+3"]

1. e4 e5 2. Nf3 Nc6 3. Bc4 Bc5 4. b4 Bxb4 5. c3 Bc5 6. d4 exd4 7. cxd4 Bb4+
8. Bd2 Bxd2+ 9. Nbxd2 Nge7 10. Ng5 d5 11. exd5 Nxd5 12. Nxf7 Kxf7 13. Qf3+
Ke8 14. Bxd5 Qe7+ 15. Ne4 Nxd4 16. Qd3 Ne6 17. O-O Nf4 18. Qb5+ c6 19.
Bxc6+ Kf8 20. Bd5 a6 21. Qb3 Nxd5 22. Qxd5 Be6 23. Qe5 Bf7 24. Qf4 Rc8 25.
Rfe1 Rc7 26. Nd6 Qd7 27. Re8+ Qxe8 28. Nxe8 Kxe8 29. Qxc7 Bg8 30. Re1+ Kf8
31. Qe7# { Black checkmated } 1-0

[Event "ICC tourney 2375 (15 3)"]
[Site "Internet Chess Club"]
[Date "2021.02.06"]
[Round "3"]
[White "levfmarcus"]
[Black "byumitchell"]
[Result "1-0"]
[ICCResult "Black resigns"]
[WhiteElo "1616"]
[BlackElo "1471"]
[Opening "King's Indian: Four pawns attack"]
[ECO "E76"]
[NIC "KI.31"]
[Time "14:01:01"]
[PlyCount "39"]
[TimeControl "900+3"]

1. d4 Nf6 2. c4 d6 3. Nc3 g6 4. e4 Bg7 5. f4 e6 6. Nf3 b6 7. e5 Nfd7 8. Bd3
c5 9. Be4 d5 10. cxd5 Bb7 11. dxe6 Bxe4 12. exd7+ Qxd7 13. Nxe4 O-O 14. O-O
cxd4 15. Qxd4 Qb5 16. a4 Qa6 17. Qd5 Nd7 18. Qxd7 Rfd8 19. Qh3 Bf8 20. Nf6+
{ Black resigns } 1-0

[Event "ICC tourney 2375 (15 3)"]
[Site "Internet Chess Club"]
[Date "2021.02.06"]
[Round "3"]
[White "Kolten112358"]
[Black "Dayman"]
[Result "1-0"]
[ICCResult "Black resigns"]
[WhiteElo "1215"]
[BlackElo "1623"]
[Opening "QGD: exchange, positional line"]
[ECO "D35"]
[NIC "QO.16"]
[Time "14:00:49"]
[PlyCount "127"]
[TimeControl "900+3"]

1. d4 d5 2. c4 e6 3. Nc3 Nf6 4. cxd5 exd5 5. Bg5 Be7 6. e3 O-O 7. Bd3 c5 8.
dxc5 Bxc5 9. Qf3 Be6 10. Bxf6 Qxf6 11. Qxf6 gxf6 12. Nf3 Nc6 13. Rd1 d4 14.
exd4 Nxd4 15. Nxd4 Bxd4 16. Bxh7+ Kxh7 17. Rxd4 Rae8 18. Kd2 Bf5 19. Re1
Rd8 20. Rxd8 Rxd8+ 21. Kc1 Rg8 22. g3 Rc8 23. Re7 b5 24. a3 a5 25. Rxf7+
Kg6 26. Rb7 Bd3 27. Kd2 Bc4 28. Nxb5 Rd8+ 29. Kc3 Bf1 30. Nd4 Rc8+ 31. Kd2
Rd8 32. Ke3 Re8+ 33. Kf4 Rd8 34. Ne6 Rd6 35. Rg7+ Kh6 36. Kf5 Bh3+ 37. g4
Rxe6 38. Kxe6 Kxg7 39. b4 Bxg4+ 40. Kd5 axb4 41. axb4 Kf7 42. b5 Ke7 43.
Kc6 Bf3+ 44. Kc7 Ke6 45. b6 Ke5 46. b7 Bxb7 47. Kxb7 Kf4 48. Kc6 f5 49. Kd5
Kf3 50. h4 Kg4 51. Ke5 f4 52. h5 Kxh5 53. Kxf4 Kh6 54. Kf5 Kg7 55. Ke6 Kf8
56. Kf6 Ke8 57. Kg7 Ke7 58. f4 Ke6 59. Kg6 Ke7 60. f5 Kf8 61. Kf6 Kg8 62.
Ke7 Kg7 63. f6+ Kg8 64. f7+ { Black resigns } 1-0

[Event "ICC tourney 2375 (15 3)"]
[Site "Internet Chess Club"]
[Date "2021.02.06"]
[Round "3"]
[White "swordfish89198"]
[Black "TheSuperKing"]
[Result "0-1"]
[ICCResult "White checkmated"]
[WhiteElo "1198"]
[BlackElo "1710"]
[Opening "Four knights game"]
[ECO "C47"]
[NIC "VG.04"]
[Time "14:00:10"]
[PlyCount "128"]
[TimeControl "900+3"]

1. e4 e5 2. Nc3 Nf6 3. Nf3 Nc6 4. g3 Bc5 5. Bg2 O-O 6. O-O d6 7. d3 Bg4 8.
h3 Bxf3 9. Bxf3 Nd4 10. Bg2 c6 11. Na4 Bb6 12. c3 Ne6 13. Nxb6 Qxb6 14. Kh2
Nd7 15. f4 exf4 16. gxf4 f5 17. exf5 Rxf5 18. Be4 Rf7 19. Qg4 Nec5 20. Be3
Qxb2+ 21. Kh1 Nf6 22. Qf3 Ncxe4 23. dxe4 Qxc3 24. Rfe1 Re8 25. Rac1 Qa3 26.
Qg2 Rxe4 27. Bg1 Rxf4 28. Re6 Qxc1 29. Qe2 Qf1 30. Qe3 Qf3+ 31. Qxf3 Rxf3
32. Rxd6 Rxh3+ 33. Kg2 Ra3 34. Rd8+ Rf8 35. Rd2 Ne4 36. Rb2 b5 37. Re2 Ng5
38. Bc5 Raf3 39. Bxf8 Rxf8 40. Re7 a5 41. Rc7 Rf6 42. Rc8+ Kf7 43. Rc7+ Kg6
44. Ra7 a4 45. Re7 Re6 46. Rc7 Ne4 47. Kf3 Nd2+ 48. Kf4 Nc4 49. Rc8 h5 50.
Rh8 b4 51. Ra8 Nb6 52. Ra6 b3 53. axb3 Nd5+ 54. Kg3 axb3 55. Ra3 b2 56. Rb3
Re3+ 57. Rxe3 Nxe3 58. Kf3 b1=Q 59. Kxe3 Qb3+ 60. Kd2 Kf5 61. Ke2 Ke4 62.
Kd2 Qb2+ 63. Kd1 Ke3 64. Ke1 Qc1# { White checkmated } 0-1

[Event "ICC tourney 2375 (15 3)"]
[Site "Internet Chess Club"]
[Date "2021.02.06"]
[Round "3"]
[White "dMerc37"]
[Black "nuttysac"]
[Result "0-1"]
[ICCResult "White resigns"]
[WhiteElo "1466"]
[BlackElo "1761"]
[Opening "Sicilian: Nimzovich-Rossolimo attack (without ...d6)"]
[ECO "B30"]
[NIC "SI.31"]
[Time "14:00:11"]
[PlyCount "46"]
[TimeControl "900+3"]

1. e4 c5 2. Nf3 Nc6 3. Bb5 e6 4. d4 cxd4 5. Nxd4 Nf6 6. Nc3 Bb4 7. e5 Nxe5
8. Bg5 a6 9. a3 Bxc3+ 10. bxc3 axb5 11. Nxb5 d5 12. Qd4 Nc6 13. Qc5 Qe7 14.
Nd6+ Kf8 15. O-O Ra5 16. Bxf6 gxf6 17. Qe3 Qxd6 18. Qh6+ Ke7 19. Qg7 Qd8
20. Qg3 Rg8 21. Qd3 Rg7 22. Rfe1 Ne5 23. Qd4 Nf3+ { White resigns } 0-1